[Event "FICS rated blitz game"]
[Site "FICS freechess.org"]
[FICSGamesDBGameNo "20001765"]
[White "Deadh"]
[Black "Epitaph"]
[WhiteElo "1844"]
[BlackElo "1616"]
[WhiteRD "na"]
[BlackRD "na"]
[TimeControl "180+0"]
[Date "1999.09.12"]
[Time "21:04:00"]
[WhiteClock "0:03:00.000"]
[BlackClock "0:03:00.000"]
[ECO "D00"]
[PlyCount "60"]
[Result "0-1"]

1. d4 d5 2. e4 dxe4 3. Nc3 Nf6 4. f3 exf3 5. Nxf3 Bg4 6. h3 Bxf3 7. Qxf3 e6 8. Qxb7 Nbd7 9. Bb5 Rb8 10. Bxd7+ Nxd7 11. Qf3 Bd6 12. O-O O-O 13. Ne4 Be7 14. Qg4 Kh8 15. Rf3 f5 16. Qh5 fxe4 17. Rg3 Bf6 18. c3 c5 19. Be3 cxd4 20. cxd4 Rxb2 21. Rf1 e5 22. dxe5 Bxe5 23. Rxf8+ Qxf8 24. Qg4 Bxg3 25. Qxg3 Nf6 26. Bd4 Rb1+ 27. Kh2 Nh5 28. Qg5 Qf4+ 29. Qxf4 Nxf4 30. Kg3 Ne2+ {White resigns} 0-1

[Event "FICS rated standard game"]
[Site "FICS freechess.org"]
[FICSGamesDBGameNo "20001764"]
[White "rruiz"]
[Black "JDFitzpat"]
[WhiteElo "1604"]
[BlackElo "1537"]
[WhiteRD "na"]
[BlackRD "na"]
[TimeControl "1500+10"]
[Date "1999.09.12"]
[Time "19:26:00"]
[WhiteClock "0:25:00.000"]
[BlackClock "0:25:00.000"]
[ECO "B10"]
[PlyCount "53"]
[Result "1-0"]

1. e4 c6 2. Nf3 d5 3. exd5 cxd5 4. d4 Bg4 5. Bd3 Nc6 6. c3 e6 7. Bf4 Bd6 8. Bxd6 Qxd6 9. O-O Nf6 10. Nbd2 O-O 11. Qe1 Nd7 12. c4 Rfe8 13. Qd1 e5 14. c5 Qf6 15. dxe5 Ndxe5 16. Be2 Rad8 17. b3 d4 18. Ne4 Qf4 19. Nd6 Re6 20. Nxe5 Bxe2 21. Qxe2 Rxe5 22. Qc4 Rh5 23. g3 Qf3 24. Nxb7 Rd7 25. Nd6 Re7 26. Qa6 Ne5 27. Qc8+ {Black resigns} 1-0

[Event "FICS rated blitz game"]
[Site "FICS freechess.org"]
[FICSGamesDBGameNo "20001763"]
[White "CarlosM"]
[Black "StoneMonkey"]
[WhiteElo "1748"]
[BlackElo "1786"]
[WhiteRD "na"]
[BlackRD "na"]
[TimeControl "120+8"]
[Date "1999.09.12"]
[Time "19:04:00"]
[WhiteClock "0:02:00.000"]
[BlackClock "0:02:00.000"]
[ECO "A46"]
[PlyCount "172"]
[Result "1/2-1/2"]

1. d4 Nf6 2. Nf3 e6 3. Bf4 c5 4. e3 Qb6 5. Nc3 cxd4 6. Nxd4 Bb4 7. Nb5 Nd5 8. Qd4 Qxd4 9. exd4 Nxf4 10. Nc7+ Ke7 11. Nxa8 a6 12. O-O-O b6 13. Nxb6 Bb7 14. f3 Bxc3 15. bxc3 Nc6 16. Bd3 Rb8 17. Nc4 g6 18. g3 Nd5 19. Kd2 Rc8 20. Rhe1 Na7 21. Be4 Nb5 22. Bxd5 Bxd5 23. Nb6 Bxf3 24. Nxc8+ Kd8 25. Rb1 Kxc8 26. a4 Na3 27. Rb3 Nc4+ 28. Kd3 d5 29. Reb1 Be4+ 30. Ke2 Nd6 31. Rb8+ Kc7 32. Ra8 Bxc2 33. Rbb8 Bxa4 34. Rh8 h5 35. Kf3 Bb5 36. h3 Bd3 37. g4 hxg4+ 38. hxg4 Bc4 39. Kf4 Be2 40. Ke5 Nc4+ 41. Kf6 Bxg4 42. Rxa6 Nd6 43. Ra7+ Kb6 44. Rd7 Kc6 45. Rhd8 Ne4+ 46. Kxf7 Bf5 47. Ra7 Kb5 48. Rb8+ Kc4 49. Rc7+ Kd3 50. Rb2 g5 51. Rg2 g4 52. Ke7 Ke3 53. c4 Kxd4 54. cxd5 Kxd5 55. Rd7+ Ke5 56. Ra2 Kf4 57. Rd1 g3 58. Rf1+ Ke3 59. Re1+ Kf3 60. Rf1+ Nf2 61. Kf6 Kg2 62. Rfa1 Kf3 63. Ra3+ Kf4 64. Rg1 Ne4+ 65. Kg7 Bh3 66. Kh6 Bg4 67. Rb3 e5 68. Rb4 Bf3 69. Kg6 Ke3 70. Rb3+ Kf2 71. Ra1 g2 72. Rb2+ Be2 73. Kf5 Ng3+ 74. Kxe5 Nf1 75. Rxe2+ Kxe2 76. Ra2+ Nd2 77. Ra1 Kf2 78. Rb1 Kg3 79. Rd1 Nf1 80. Rd3+ Kg4 81. Rd8 Ng3 82. Rd1 Nf1 83. Rd8 Kf3 84. Rf8+ Ke2 85. Rg8 Kf2 86. Rxg2+ Kxg2 {Neither player has mating material} 1/2-1/2

[Event "FICS rated blitz game"]
[Site "FICS freechess.org"]
[FICSGamesDBGameNo "20001762"]
[White "Badluck"]
[Black "Nietzs"]
[WhiteElo "1488"]
[BlackElo "1484"]
[WhiteRD "na"]
[BlackRD "na"]
[TimeControl "300+5"]
[Date "1999.09.12"]
[Time "15:45:00"]
[WhiteClock "0:05:00.000"]
[BlackClock "0:05:00.000"]
[ECO "B83"]
[PlyCount "154"]
[Result "0-1"]

1. e4 c5 2. Nf3 d6 3. d4 cxd4 4. Nxd4 Nf6 5. Nc3 e6 6. Be2 Be7 7. O-O O-O 8. Be3 a6 9. f3 Qc7 10. Nb3 Nc6 11. a3 b6 12. Qd2 Bb7 13. Rad1 Rfd8 14. Nd4 Nxd4 15. Qxd4 b5 16. Qb6 Qxb6 17. Bxb6 Rdc8 18. Bd3 d5 19. exd5 Nxd5 20. Nxd5 Bxd5 21. Bd4 Bd6 22. f4 Bc5 23. Bxc5 Rxc5 24. Rf2 Rac8 25. c3 g6 26. Rfd2 R5c7 27. Kf2 Rd7 28. Be2 Rcd8 29. c4 bxc4 30. Bxc4 a5 31. Bxd5 Rxd5 32. Rxd5 exd5 33. Ke3 f5 34. Kd4 Kf7 35. Rc1 Rb8 36. Rc2 Ke6 37. Rc6+ Kd7 38. Rc2 Kd6 39. Re2 Rb7 40. Rc2 Re7 41. h3 Re4+ 42. Kd3 Rxf4 43. Ke3 Re4+ 44. Kd3 h6 45. Rc8 Ke5 46. Rg8 g5 47. Rh8 Rh4 48. Ra8 Ra4 49. Rh8 Rd4+ 50. Ke3 f4+ 51. Ke2 Re4+ 52. Kd3 Re3+ 53. Kd2 Rg3 54. Rxh6 Rxg2+ 55. Kc1 f3 56. Rh8 f2 57. Rf8 Ke4 58. Re8+ Kf3 59. Rf8+ Kg3 60. Kd1 Kxh3 61. Ke2 g4 62. Rxf2 Rxf2+ 63. Kxf2 Kh2 64. b4 g3+ 65. Ke3 axb4 66. axb4 g2 67. Kd4 g1=Q+ 68. Kxd5 Qb6 69. Kc4 Kg3 70. b5 Kf4 71. Kb4 Ke4 72. Kc4 Ke3 73. Kb4 Kd4 74. Ka4 Kc4 75. Ka3 Qxb5 76. Ka2 Kc3 77. Ka1 Qb2# {White checkmated} 0-1

[Event "FICS rated blitz game"]
[Site "FICS freechess.org"]
[FICSGamesDBGameNo "20001761"]
[White "Nailsea"]
[Black "chessReptile"]
[WhiteElo "1212"]
[BlackElo "1448"]
[WhiteRD "na"]
[BlackRD "na"]
[TimeControl "240+4"]
[Date "1999.09.12"]
[Time "13:59:00"]
[WhiteClock "0:04:00.000"]
[BlackClock "0:04:00.000"]
[ECO "A40"]
[PlyCount "55"]
[Result "1-0"]

1. d4 e6 2. c4 c5 3. d5 d6 4. e4 e5 5. Nf3 Nf6 6. Nc3 Be7 7. Bd3 a6 8. Kf1 Bd7 9. a4 b6 10. Bg5 Nxd5 11. Bxe7 Nxe7 12. Nd5 Nxd5 13. cxd5 O-O 14. g3 Qe8 15. h4 b5 16. axb5 Bxb5 17. Qe2 Bd7 18. Nd2 Qe7 19. Nc4 Qf6 20. Nb6 Ra7 21. Nc4 Rd8 22. Qd2 Bb5 23. Ne3 Rdd7 24. Nf5 g6 25. Nh6+ Kg7 26. Ng4 Qf3 27. Qh6+ Kh8 28. Qf8# {Black checkmated} 1-0

[Event "FICS rated blitz game"]
[Site "FICS freechess.org"]
[FICSGamesDBGameNo "20001760"]
[White "Funplay"]
[Black "mindman"]
[WhiteElo "1344"]
[BlackElo "1422"]
[WhiteRD "na"]
[BlackRD "na"]
[TimeControl "120+12"]
[Date "1999.09.12"]
[Time "13:10:00"]
[WhiteClock "0:02:00.000"]
[BlackClock "0:02:00.000"]
[ECO "A46"]
[PlyCount "41"]
[Result "1-0"]

1. d4 Nf6 2. Nf3 e6 3. Bg5 h6 4. Bh4 g5 5. Bg3 Ne4 6. Nc3 f5 7. Be5 Nf6 8. e4 f4 9. Bc4 d6 10. Qd3 dxe5 11. Nxe5 Bg7 12. O-O-O O-O 13. h4 Re8 14. hxg5 hxg5 15. Ng6 Kf7 16. e5 Ng4 17. Qf5+ Kg8 18. Rh8+ Bxh8 19. Nxh8 Nh6 20. Qg6+ Kxh8 21. Rh1 {Black resigns} 1-0

[Event "FICS rated blitz game"]
[Site "FICS freechess.org"]
[FICSGamesDBGameNo "20001759"]
[White "Gurra"]
[Black "Cadfile"]
[WhiteElo "1687"]
[BlackElo "1468"]
[WhiteRD "na"]
[BlackRD "na"]
[TimeControl "300+0"]
[Date "1999.09.12"]
[Time "11:17:00"]
[WhiteClock "0:05:00.000"]
[BlackClock "0:05:00.000"]
[ECO "A68"]
[PlyCount "51"]
[Result "1-0"]

1. e4 d6 2. d4 Nf6 3. Bd3 g6 4. c4 Bg7 5. Nc3 O-O 6. f4 c5 7. d5 e6 8. Nf3 exd5 9. cxd5 a6 10. a4 Bd7 11. O-O Re8 12. Qc2 Qc7 13. e5 dxe5 14. fxe5 Ng4 15. e6 fxe6 16. h3 Ne5 17. Nxe5 Bxe5 18. dxe6 Bxe6 19. Bh6 Bg7 20. Bxg7 Kxg7 21. Ne4 Nd7 22. Rac1 b6 23. Ng5 Bd5 24. Bc4 Bxc4 25. Qxc4 Rf8 26. Ne6+ {Black resigns} 1-0

[Event "FICS rated blitz game"]
[Site "FICS freechess.org"]
[FICSGamesDBGameNo "20001758"]
[White "Tyr"]
[Black "Nietzs"]
[WhiteElo "1433"]
[BlackElo "1484"]
[WhiteRD "na"]
[BlackRD "na"]
[TimeControl "300+8"]
[Date "1999.09.12"]
[Time "10:16:00"]
[WhiteClock "0:05:00.000"]
[BlackClock "0:05:00.000"]
[ECO "B84"]
[PlyCount "64"]
[Result "0-1"]

1. e4 c5 2. Nf3 d6 3. d4 cxd4 4. Nxd4 Nf6 5. Nc3 a6 6. Be2 e6 7. f4 Qc7 8. O-O Nc6 9. Nb3 Be7 10. Kh1 O-O 11. Be3 b6 12. a4 Bb7 13. Bf3 Rad8 14. Qe2 e5 15. f5 Nb4 16. Qf2 Qc6 17. a5 bxa5 18. Nxa5 Qd7 19. Nxb7 Qxb7 20. Bd1 d5 21. exd5 Nbxd5 22. Nxd5 Nxd5 23. Bc5 Bxc5 24. Qxc5 Qxb2 25. Rxa6 Qd4 26. Qxd4 exd4 27. Bf3 Ne3 28. Rf2 Nxf5 29. Be4 Ne3 30. h4 Rfe8 31. Bd3 Ng4 32. g3 Nxf2+ {White resigns} 0-1

[Event "FICS rated blitz game"]
[Site "FICS freechess.org"]
[FICSGamesDBGameNo "20001757"]
[White "carpof"]
[Black "loper"]
[WhiteElo "1243"]
[BlackElo "1470"]
[WhiteRD "na"]
[BlackRD "na"]
[TimeControl "120+8"]
[Date "1999.09.12"]
[Time "08:32:00"]
[WhiteClock "0:02:00.000"]
[BlackClock "0:02:00.000"]
[ECO "D20"]
[PlyCount "78"]
[Result "0-1"]

1. d4 d5 2. e3 Nf6 3. c4 dxc4 4. Bxc4 a6 5. h3 e6 6. Qb3 b5 7. Bd3 c5 8. Nc3 c4 9. Bxc4 bxc4 10. Qa4+ Bd7 11. Qxc4 Be7 12. Nf3 O-O 13. O-O Nc6 14. Rd1 Na5 15. Qe2 Qb6 16. a3 Bb5 17. Qe1 Nb3 18. Rb1 Rac8 19. Nd2 Bd3 20. Nxb3 Bxb1 21. Nd2 Bc2 22. Qe2 Bxd1 23. Qxd1 Nd5 24. Nxd5 exd5 25. Kh2 Rc6 26. e4 Qc7+ 27. g3 Rxc1 28. Qe2 dxe4 29. Nxe4 Rc2 30. Qg4 f5 31. Nf6+ Rxf6 32. Qf3 f4 33. Qa8+ Rf8 34. Qd5+ Kh8 35. h4 fxg3+ 36. Kh3 gxf2 37. Kg4 f1=Q 38. Kh5 Qf5+ 39. Qxf5 Rxf5+ {White resigns} 0-1

[Event "FICS rated blitz game"]
[Site "FICS freechess.org"]
[FICSGamesDBGameNo "20001756"]
[White "Raiz"]
[Black "cshim"]
[WhiteElo "1793"]
[BlackElo "1651"]
[WhiteRD "na"]
[BlackRD "na"]
[TimeControl "60+15"]
[Date "1999.09.12"]
[Time "08:00:00"]
[WhiteClock "0:01:00.000"]
[BlackClock "0:01:00.000"]
[ECO "B32"]
[PlyCount "61"]
[Result "1-0"]

1. e4 c5 2. Nf3 Nc6 3. d4 cxd4 4. Nxd4 e5 5. Nb5 a6 6. Nd6+ Bxd6 7. Qxd6 Qf6 8. Qd1 Qg6 9. Nc3 Nge7 10. h4 h5 11. Bg5 f6 12. Be3 f5 13. exf5 Nxf5 14. Bg5 Ncd4 15. Bd3 Qf7 16. O-O d6 17. Qe1 O-O 18. f4 exf4 19. Rxf4 Be6 20. Qf2 Nc6 21. Rd1 Ne5 22. Bxf5 Bxf5 23. Nd5 Ng6 24. Nf6+ gxf6 25. Rxf5 Qxa2 26. Bxf6 Qe6 27. Rf1 Rae8 28. Rg5 Kh7 29. Rxh5+ Kg8 30. Rh8+ Nxh8 31. Qg3+ {Black resigns} 1-0

[Event "FICS rated standard game"]
[Site "FICS freechess.org"]
[FICSGamesDBGameNo "20001755"]
[White "deathbird"]
[Black "ThinKing"]
[WhiteElo "1613"]
[BlackElo "1697"]
[WhiteRD "na"]
[BlackRD "na"]
[TimeControl "300+15"]
[Date "1999.09.11"]
[Time "23:03:00"]
[WhiteClock "0:05:00.000"]
[BlackClock "0:05:00.000"]
[ECO "B08"]
[PlyCount "80"]
[Result "0-1"]

1. d4 d6 2. Nc3 Nf6 3. e4 g6 4. Nf3 Bg7 5. e5 dxe5 6. Nxe5 Nbd7 7. f4 O-O 8. Bd3 Nxe5 9. dxe5 Nd5 10. Nxd5 Qxd5 11. Qd2 Be6 12. b3 f6 13. Bb2 fxe5 14. fxe5 Bxe5 15. Bxe5 Qxe5+ 16. Qe2 Qxa1+ 17. Kd2 Qf6 18. Kc1 Kg7 19. h4 Bf5 20. Bc4 Qa1+ 21. Kd2 Rad8+ 22. Bd3 Qf6 23. g4 Bxd3 24. cxd3 Qf2 25. h5 Qxe2+ 26. Kxe2 Rf4 27. h6+ Kg8 28. g5 Rdf8 29. Kd2 R4f5 30. Re1 e5 31. d4 exd4 32. Re7 R5f7 33. Re4 c5 34. Kd3 Rc8 35. Kc4 b6 36. a4 Kf8 37. Kb5 Re8 38. Rg4 d3 39. Rg1 d2 40. Kc4 Re1 {White resigns} 0-1

[Event "FICS rated standard game"]
[Site "FICS freechess.org"]
[FICSGamesDBGameNo "20001754"]
[White "Bremer"]
[Black "Huntley"]
[WhiteElo "1798"]
[BlackElo "1612"]
[WhiteRD "na"]
[BlackRD "na"]
[TimeControl "1200+10"]
[Date "1999.09.11"]
[Time "19:59:00"]
[WhiteClock "0:20:00.000"]
[BlackClock "0:20:00.000"]
[ECO "C70"]
[PlyCount "175"]
[Result "1-0"]

1. e4 e5 2. Nf3 Nc6 3. Bb5 a6 4. Ba4 b5 5. Bb3 Bc5 6. c3 Nf6 7. d3 O-O 8. Bg5 h6 9. Bh4 Be7 10. Nbd2 d5 11. Bxf6 Bxf6 12. Bxd5 Qd6 13. h3 Bb7 14. O-O Nd8 15. Bb3 Qxd3 16. Bc2 Qd6 17. Qe2 Ne6 18. Rad1 Nf4 19. Qe3 c5 20. Nb3 Qc7 21. Nxc5 Rad8 22. Rxd8 Rxd8 23. Rd1 Rxd1+ 24. Bxd1 Ne6 25. Nxe6 fxe6 26. Bb3 Bc8 27. Qd3 Qc6 28. Nh2 Qc5 29. Ng4 Bh4 30. g3 Be7 31. Kg2 h5 32. Ne3 Qc6 33. Bd1 Bb7 34. Bf3 Qc7 35. Bxh5 Qc6 36. Bf3 Qc7 37. Ng4 Bc6 38. Bd1 Qb7 39. f3 Qc7 40. Bb3 Bd7 41. h4 Bc8 42. Nf2 Bc5 43. Nh3 Qb6 44. f4 exf4 45. Nxf4 Bg1 46. Qf1 Bc5 47. Ng6 Qd8 48. Ne5 Qd2+ 49. Kh3 Bf2 50. Qd3 Qxd3 51. Nxd3 Be3 52. Kg4 Kf7 53. Kf3 Bb6 54. g4 Kf6 55. g5+ Kg6 56. Nf4+ Kf7 57. e5 Bb7+ 58. Kg4 Bc8 59. g6+ Ke7 60. Nh5 Kf8 61. Kf4 Bf2 62. Ng3 Bb6 63. Ne4 Bd8 64. h5 Bc7 65. Ng5 Ke7 66. Ke4 Bb7+ 67. Kf4 Bc8 68. c4 bxc4 69. Bxc4 Ba5 70. Nf7 Bd2+ 71. Ke4 Bb7+ 72. Kd3 Bf4 73. Kd4 Bc1 74. b3 Bb2+ 75. Kc5 Bf3 76. h6 gxh6 77. Nxh6 Bxe5 78. Bxa6 Bd6+ 79. Kd4 e5+ 80. Ke3 Bd5 81. Bc4 Bxc4 82. bxc4 Kf6 83. g7 Kxg7 84. Nf5+ Kf7 85. Nxd6+ Ke6 86. Nb5 Kd7 87. Ke4 Ke6 88. a4 {Black resigns} 1-0

[Event "FICS rated blitz game"]
[Site "FICS freechess.org"]
[FICSGamesDBGameNo "20001753"]
[White "Summerwind"]
[Black "Benalin"]
[WhiteElo "1404"]
[BlackElo "1492"]
[WhiteRD "na"]
[BlackRD "na"]
[TimeControl "300+0"]
[Date "1999.09.11"]
[Time "15:44:00"]
[WhiteClock "0:05:00.000"]
[BlackClock "0:05:00.000"]
[ECO "A02"]
[PlyCount "72"]
[Result "0-1"]

1. f4 Nf6 2. Nf3 g6 3. e3 Bg7 4. d4 c5 5. b3 cxd4 6. exd4 O-O 7. Bd3 e6 8. O-O Nc6 9. Bd2 d6 10. c4 Bd7 11. Nc3 Re8 12. Qc2 Nb4 13. Qb1 Rc8 14. Ne2 Nxd3 15. Qxd3 a6 16. Ng3 b5 17. Rac1 bxc4 18. bxc4 d5 19. Ne5 Ba4 20. Qa3 Bd7 21. c5 Bb5 22. Ba5 Qe7 23. Rf2 Nd7 24. Bb4 Nxe5 25. fxe5 Rc6 26. Qe3 Qh4 27. Rf4 Qe7 28. Rc2 Bh6 29. Rcf2 Bxf4 30. Qxf4 Rf8 31. a3 Kg7 32. h4 h6 33. h5 g5 34. Qe3 f5 35. exf6+ Rxf6 36. Qe5 Kf7 {White forfeits on time} 0-1

[Event "FICS rated blitz game"]
[Site "FICS freechess.org"]
[FICSGamesDBGameNo "20001752"]
[White "joblo"]
[Black "Icanwin"]
[WhiteElo "1439"]
[BlackElo "1446"]
[WhiteRD "na"]
[BlackRD "na"]
[TimeControl "300+0"]
[Date "1999.09.11"]
[Time "15:15:00"]
[WhiteClock "0:05:00.000"]
[BlackClock "0:05:00.000"]
[ECO "D53"]
[PlyCount "100"]
[Result "0-1"]

1. d4 d5 2. c4 Nf6 3. Nc3 e6 4. Bg5 Be7 5. e3 h6 6. Bh4 O-O 7. Bd3 Na6 8. a3 c6 9. Nf3 c5 10. O-O cxd4 11. Nxd4 dxc4 12. Bxc4 Nc5 13. Ba2 Nfe4 14. Bxe7 Qxe7 15. Nxe4 Nxe4 16. f3 Nf6 17. e4 Bd7 18. Qe2 a6 19. Rfd1 Rac8 20. Rac1 Nh5 21. g3 e5 22. Nb3 Be6 23. Qe3 Nf6 24. Bb1 b5 25. Nc5 Nd7 26. Nxe6 Qxe6 27. b4 Rfd8 28. Qf2 Rxc1 29. Rxc1 Nb6 30. Ba2 Nc4 31. Kg2 Rd2 32. Qxd2 Nxd2 33. Bxe6 fxe6 34. Rc6 Nc4 35. Rxe6 Nxa3 36. Rxa6 Nc2 37. Re6 Nxb4 38. Rxe5 Kf7 39. Rxb5 Nc6 40. Kf2 Kf6 41. Ke3 Ne5 42. f4 Nc4+ 43. Kd4 Nd6 44. Rd5 Nf7 45. g4 g5 46. e5+ Ke6 47. f5+ Ke7 48. Kc5 Nd8 49. f6+ Kf7 50. Rxd8 Ke6 {White forfeits on time} 0-1

[Event "FICS rated blitz game"]
[Site "FICS freechess.org"]
[FICSGamesDBGameNo "20001750"]
[White "Micaiah"]
[Black "Kostan"]
[WhiteElo "1066"]
[BlackElo "1167"]
[WhiteRD "na"]
[BlackRD "na"]
[TimeControl "120+12"]
[Date "1999.09.11"]
[Time "11:25:00"]
[WhiteClock "0:02:00.000"]
[BlackClock "0:02:00.000"]
[ECO "A00"]
[PlyCount "86"]
[Result "0-1"]

1. e4 d5 2. Nc3 dxe4 3. Nxe4 Bf5 4. d3 Bxe4 5. dxe4 Qxd1+ 6. Kxd1 Nc6 7. Bb5 O-O-O+ 8. Bd2 Nd4 9. c3 Nxb5 10. Nf3 Nf6 11. Re1 e6 12. e5 Ng4 13. h3 Nxf2+ 14. Kc2 Bc5 15. Be3 Bxe3 16. Rxe3 f5 17. Ng5 Rde8 18. Nf7 Rhf8 19. Ng5 h6 20. Nh7 Rh8 21. Nf6 gxf6 22. exf6 Rhg8 23. f7 Nd6 24. fxe8=Q+ Rxe8 25. Rf1 Nde4 26. b4 Rg8 27. g4 fxg4 28. hxg4 Rxg4 29. Rh3 Nxh3 30. Rf8+ Kd7 31. Rf7+ Kc6 32. c4 Rg2+ 33. Kd3 Nhf2+ 34. Kd4 Rg4 35. b5+ Kb6 36. Ke5 h5 37. a4 Rg5+ 38. Kxe6 Rg6+ 39. Kf5 Rf6+ 40. Rxf6+ Nxf6 41. Kxf6 h4 42. Ke7 h3 43. Ke6 h2 {White resigns} 0-1

[Event "FICS rated lightning game"]
[Site "FICS freechess.org"]
[FICSGamesDBGameNo "20001749"]
[White "sTAE"]
[Black "Nemeza"]
[WhiteElo "1790"]
[BlackElo "1729"]
[WhiteRD "na"]
[BlackRD "na"]
[TimeControl "60+0"]
[Date "1999.09.11"]
[Time "09:18:00"]
[WhiteClock "0:01:00.000"]
[BlackClock "0:01:00.000"]
[ECO "A09"]
[PlyCount "66"]
[Result "0-1"]

1. Nf3 d5 2. c4 dxc4 3. Nc3 Nf6 4. e4 e6 5. Qa4+ Bd7 6. Qxc4 Nc6 7. Nb5 Be7 8. e5 Nd5 9. a3 a6 10. Nc3 Nxc3 11. b4 Na4 12. Qe2 Nb6 13. g3 O-O 14. Bg2 f6 15. exf6 Bxf6 16. Rb1 e5 17. O-O e4 18. Ne1 Re8 19. Nc2 Bd4 20. Bb2 Bxb2 21. Rxb2 Qe7 22. Ne3 Qf6 23. Rc2 Bf5 24. Rfc1 Ne5 25. h3 Rac8 26. g4 Bd7 27. Rf1 Nf3+ 28. Bxf3 exf3 29. Qd1 Bc6 30. d4 Nd5 31. Nxd5 Bxd5 32. Re1 Rxe1+ 33. Qxe1 Qh4 {White forfeits on time} 0-1

[Event "FICS rated blitz game"]
[Site "FICS freechess.org"]
[FICSGamesDBGameNo "20001748"]
[White "Moonstar"]
[Black "panSerge"]
[WhiteElo "1815"]
[BlackElo "1874"]
[WhiteRD "na"]
[BlackRD "na"]
[TimeControl "300+0"]
[Date "1999.09.11"]
[Time "09:14:00"]
[WhiteClock "0:05:00.000"]
[BlackClock "0:05:00.000"]
[ECO "A09"]
[PlyCount "57"]
[Result "1-0"]

1. Nf3 d5 2. c4 d4 3. g3 g6 4. Bg2 Bg7 5. O-O e5 6. d3 c5 7. e3 Nc6 8. exd4 exd4 9. Re1+ Nge7 10. Na3 O-O 11. Nc2 a5 12. Rb1 Nb4 13. a3 Nxc2 14. Qxc2 Bf5 15. b4 axb4 16. axb4 b6 17. bxc5 bxc5 18. Nh4 Rc8 19. Nxf5 Nxf5 20. Bh3 Qf6 21. Rb5 Rc6 22. Ba3 Rfc8 23. Qa4 Bf8 24. Ra5 Qg5 25. Bc1 Qh5 26. Bg2 R6c7 27. Ra8 Nh6 28. Re8 Qf5 29. Bxh6 {Black resigns} 1-0

[Event "FICS rated blitz game"]
[Site "FICS freechess.org"]
[FICSGamesDBGameNo "20001746"]
[White "Rebrof"]
[Black "Smak"]
[WhiteElo "1513"]
[BlackElo "1582"]
[WhiteRD "na"]
[BlackRD "na"]
[TimeControl "120+12"]
[Date "1999.09.11"]
[Time "03:53:00"]
[WhiteClock "0:02:00.000"]
[BlackClock "0:02:00.000"]
[ECO "B21"]
[PlyCount "98"]
[Result "0-1"]

1. e4 c5 2. d4 cxd4 3. c3 dxc3 4. Nxc3 Nc6 5. Nf3 d6 6. Bc4 Nf6 7. O-O e6 8. Qe2 Be7 9. Rd1 Qc7 10. Bf4 e5 11. Be3 O-O 12. Rac1 a6 13. Bb3 Bg4 14. h3 Bxf3 15. Qxf3 Rad8 16. Nd5 Qb8 17. Rxc6 Nxd5 18. Rcc1 Nxe3 19. fxe3 Qa7 20. Rc7 Bg5 21. Rxf7 Rxf7 22. Qxf7+ Kh8 23. Rf1 Qxe3+ 24. Kh1 Bf6 25. Qxb7 Qe2 26. Rd1 Qxb2 27. Qxa6 Qf2 28. Qc4 Qg3 29. Rxd6 Rf8 30. Rc6 Bg5 31. Qe2 Bf4 32. Kg1 Qh2+ 33. Kf1 Bd2+ 34. Qf3 Rxf3+ 35. gxf3 Qxh3+ 36. Ke2 Qg2+ 37. Kd3 h5 38. Rc8+ Kh7 39. Bg8+ Kh6 40. Rc6+ Kg5 41. Bd5 Bb4 42. a4 Qd2+ 43. Kc4 h4 44. Kb5 h3 45. Rc7 Bf8 46. f4+ exf4 47. Be6 Qb4+ 48. Kc6 Qd6+ 49. Kb7 Qxe6 {White resigns} 0-1

[Event "FICS rated blitz game"]
[Site "FICS freechess.org"]
[FICSGamesDBGameNo "20001745"]
[White "OnlyOne"]
[Black "Slammer"]
[WhiteElo "1630"]
[BlackElo "1549"]
[WhiteRD "na"]
[BlackRD "na"]
[TimeControl "300+0"]
[Date "1999.09.10"]
[Time "22:50:00"]
[WhiteClock "0:05:00.000"]
[BlackClock "0:05:00.000"]
[ECO "D00"]
[PlyCount "82"]
[Result "0-1"]

1. d4 Nf6 2. e3 d5 3. Bd3 Nc6 4. c3 e6 5. Nf3 Bd6 6. Nbd2 O-O 7. e4 e5 8. exd5 Nxd5 9. dxe5 Nxe5 10. Nxe5 Bxe5 11. Nf3 Bg4 12. O-O Nf4 13. Be2 Nxe2+ 14. Qxe2 Re8 15. Be3 Qf6 16. h3 Bxf3 17. Qxf3 Qxf3 18. gxf3 Rad8 19. Rad1 Bd6 20. Rfe1 f5 21. f4 Kf7 22. Bd4 Bxf4 23. Rxe8 Rxe8 24. Kf1 b6 25. Re1 Rxe1+ 26. Kxe1 c5 27. Be3 Bxe3 28. fxe3 Ke6 29. Ke2 Kd5 30. Kd3 c4+ 31. Ke2 Ke4 32. b3 b5 33. bxc4 bxc4 34. a3 a6 35. h4 h6 36. Kd2 g5 37. hxg5 hxg5 38. Ke2 g4 39. Kf2 Kd3 40. Kg3 Kxc3 41. Kf4 Kd3 {White resigns} 0-1

[Event "FICS rated blitz game"]
[Site "FICS freechess.org"]
[FICSGamesDBGameNo "20001744"]
[White "IAlwaysWin"]
[Black "Phychosis"]
[WhiteElo "1872"]
[BlackElo "1761"]
[WhiteRD "na"]
[BlackRD "na"]
[TimeControl "180+0"]
[Date "1999.09.10"]
[Time "21:19:00"]
[WhiteClock "0:03:00.000"]
[BlackClock "0:03:00.000"]
[ECO "D30"]
[PlyCount "101"]
[Result "1-0"]

1. c4 Nf6 2. g3 e6 3. Bg2 d5 4. d4 c5 5. cxd5 exd5 6. Nf3 Nc6 7. O-O Bd6 8. Nc3 O-O 9. Bg5 c4 10. Qc2 Be6 11. e4 Nb4 12. Qe2 dxe4 13. Nxe4 Be7 14. Nxf6+ Bxf6 15. Bxf6 Qxf6 16. Qe5 Qxe5 17. Nxe5 Rab8 18. a3 Nd3 19. Nxd3 cxd3 20. Rad1 Bc4 21. Rd2 Rfd8 22. d5 Bxd5 23. Rxd3 Bxg2 24. Rxd8+ Rxd8 25. Kxg2 Rd7 26. Rc1 f6 27. Rc8+ Kf7 28. Rc2 Ke6 29. Kf3 Rd3+ 30. Ke4 Rd7 31. f4 f5+ 32. Ke3 h6 33. Rc5 Rd5 34. Rc7 Rd7 35. Rxd7 Kxd7 36. Kd4 Kd6 37. b4 a6 38. a4 b6 39. b5 axb5 40. axb5 g5 41. h3 Ke6 42. fxg5 hxg5 43. h4 f4 44. gxf4 g4 45. Ke4 Kf6 46. f5 g3 47. Kf3 g2 48. Kxg2 Kxf5 49. Kf3 Kg6 50. Ke4 Kh5 51. Kd5 {Black resigns} 1-0

[Event "FICS rated blitz game"]
[Site "FICS freechess.org"]
[FICSGamesDBGameNo "20001743"]
[White "harryrao"]
[Black "UPRISING"]
[WhiteElo "1420"]
[BlackElo "1552"]
[WhiteRD "na"]
[BlackRD "na"]
[TimeControl "120+12"]
[Date "1999.09.10"]
[Time "20:56:00"]
[WhiteClock "0:02:00.000"]
[BlackClock "0:02:00.000"]
[ECO "A46"]
[PlyCount "235"]
[Result "1/2-1/2"]

1. d4 Nf6 2. Nf3 d5 3. c4 e5 4. e3 dxc4 5. Bxc4 exd4 6. Nxd4 Bb4+ 7. Bd2 Bxd2+ 8. Nxd2 O-O 9. O-O Bg4 10. Qc2 Bh5 11. Rac1 c6 12. Bd3 Nbd7 13. Ne4 Rc8 14. Nd6 Rc7 15. N6f5 Ne5 16. Be2 Bxe2 17. Nxe2 Qc8 18. Nd6 Qg4 19. h3 Qg5 20. f4 Qh5 21. fxe5 Qxe5 22. Rcd1 Qxe3+ 23. Kh1 Re7 24. Nc3 Nh5 25. Nf5 Ng3+ 26. Nxg3 Qxg3 27. Rf3 Qc7 28. Rdf1 Rfe8 29. Qf2 f6 30. Qxa7 Qd6 31. Qb6 Qd2 32. Qb3+ Kh8 33. R3f2 Qd6 34. Qc2 Qc5 35. Rf5 Re5 36. Rxe5 Rxe5 37. Qd3 Qe7 38. Rd1 Re1+ 39. Rxe1 Qxe1+ 40. Kh2 Qe5+ 41. Qg3 Qe8 42. Qd6 h6 43. Na4 Qe2 44. a3 Qb5 45. Qd4 h5 46. Nc5 b6 47. Ne6 c5 48. Qd8+ Kh7 49. Nf8+ Kh6 50. Qd2+ g5 51. Nd7 Qc6 52. Kh1 h4 53. Qd3 Qe6 54. Nf8 Qe1+ 55. Kh2 Qe5+ 56. Kg1 Qe1+ 57. Qf1 Qe3+ 58. Kh1 Qe7 59. Qb5 Qxf8 60. Qxb6 Qe7 61. Qa5 Qd6 62. Qe1 Qd4 63. b4 cxb4 64. axb4 Qd7 65. Qb1 Qb5 66. Qe1 Kg6 67. Qe4+ Kh6 68. Qe1 Kg6 69. Kg1 Kf7 70. Qc3 Qa4 71. Qc4+ Kg6 72. Qd3+ Kf7 73. b5 Qa1+ 74. Qf1 Qd4+ 75. Kh1 Ke7 76. Qe1+ Kd6 77. Qc1 Qc5 78. Qd2+ Kc7 79. Qa5+ Qb6 80. Qc3+ Kd7 81. Qc4 Kd6 82. Qb4+ Qc5 83. Qd2+ Kc7 84. Qa5+ Qb6 85. Qc3+ Kd7 86. Qd3+ Kc7 87. Qh7+ Kd6 88. Qd3+ Kc5 89. Qe3+ Kxb5 90. Qb3+ Ka6 91. Qa4+ Kb7 92. Qd7+ Qc7 93. Qd5+ Kc8 94. Qe6+ Qd7 95. Qxf6 Qd1+ 96. Kh2 Qd2 97. Qf8+ Kc7 98. Qc5+ Kd7 99. Qf5+ Ke7 100. Qh7+ Kf6 101. Qh6+ Ke5 102. Qg7+ Ke4 103. Qe7+ Kd3 104. Qd6+ Kc2 105. Qc5+ Kd1 106. Qg1+ Qe1 107. Qd4+ Qd2 108. Qa1+ Qc1 109. Qxc1+ Kxc1 110. g3 Kd2 111. gxh4 gxh4 112. Kg2 Ke3 113. Kh2 Kf3 114. Kh1 Kg3 115. Kg1 Kxh3 116. Kh1 Kg3 117. Kg1 h3 118. Kh1 {Game drawn by mutual agreement} 1/2-1/2